 Dungeon Crawl Stone Soup version 0.28.0-53-g5a82cb258f (webtiles) character file.

Game seed: 13821592343878403867

9117 Woods the Thaumaturge (level 11, -2/54 HPs)
             Began as a Deep Elf Summoner on July 27, 2022.
             Was a Priest of Vehumet.
             Killed by divine providence
             ... invoked by a meliai
              (8 damage)
             ... on level 9 of the Dungeon.
             The game lasted 00:44:00 (17451 turns).

Woods the Thaumaturge (Deep Elf Summoner)          Turns: 17451, Time: 00:44:01

Health: -2/54      AC: 15    Str:  5    XL:     11   Next: 18%
Magic:  18/28      EV: 14    Int: 25    God:    Vehumet [***...]
Gold:   973        SH:  5    Dex: 15    Spells: 12/33 levels left

rFire   . . .      SeeInvis .   y - +3 quarterstaff (chaos)
rCold   . . .      Faith    .   (shield currently unavailable)
rNeg    . . .      Spirit   .   P - +0 steam dragon scales
rPois   +          Reflect  +   g - +0 helmet
rElec   .          Harm     .   x - +2 cloak {rPois}
rCorr   .          Rampage  .   G - +0 pair of gloves {infuse}
Will    +....                   B - +0 pair of boots
Stlth   +++.......              E - amulet of reflection
HPRegen 0.18/turn               o - +4 ring of protection
MPRegen 0.21/turn               (no ring)

@: no status effects
A: no striking features
a: Renounce Religion


You were on level 9 of the Dungeon.
You worshipped Vehumet.
Vehumet was most pleased with you.
You visited 2 branches of the dungeon, and saw 10 of its levels.
You also visited: Sewer and Ossuary.

You collected 973 gold pieces.

Inventory:

Hand Weapons
 y - a +3 quarterstaff of chaos (weapon)
Armour
 g - a +0 helmet (worn)
 n - a +0 crystal plate armour
 x - a +2 cloak of poison resistance (worn)
 B - a +0 pair of boots (worn)
 G - a +0 pair of gloves of infusion (worn)
 L - an orb of wrath
 P - +0 steam dragon scales (worn)
Jewellery
 a - a +6 ring of strength
 o - a +4 ring of protection (left hand)
 D - a ring of poison resistance
 E - an amulet of reflection (around neck)
 J - a ring of magical power
Wands
 N - a wand of paralysis (7)
Scrolls
 c - 3 scrolls of noise {unknown}
 d - 3 scrolls of magic mapping {unknown}
 e - 9 scrolls of identify
 f - 7 scrolls of teleportation
 h - 4 scrolls of immolation {unknown}
 j - 3 scrolls of vulnerability {unknown}
 p - a scroll of fog {unknown}
 t - 4 scrolls of brand weapon {unknown}
 w - 2 scrolls of blinking {unknown}
 C - 7 scrolls of fear
 H - a scroll of holy word {unknown}
 I - a scroll of summoning {unknown}
 K - a scroll of enchant armour {unknown}
 M - a scroll of amnesia {unknown}
 O - 2 scrolls of enchant weapon {unknown}
Potions
 b - 7 potions of mutation {unknown}
 i - 2 potions of degeneration {unknown}
 k - 4 potions of cancellation {unknown}
 l - 3 potions of magic {unknown}
 m - 4 potions of heal wounds {unknown}
 q - 2 potions of lignification {unknown}
 r - a potion of brilliance {unknown}
 s - 3 potions of curing {unknown}
 u - 3 potions of might {unknown}
 v - a potion of berserk rage {unknown}
 z - a potion of invisibility {unknown}
 A - a potion of haste {unknown}
 F - a potion of resistance {unknown}


   Skills:
 - Level 5.0 Dodging
 - Level 5.0 Stealth
 - Level 1.0 Unarmed Combat
 + Level 11.9 Spellcasting
 - Level 10.0 Conjurations
 - Level 10.0 Summonings
 - Level 8.0 Fire Magic


You had 12 spell levels left.
You knew the following spells:

 Your Spells              Type           Power      Damage    Failure   Level
a - Summon Small Mammal   Summ           100%       N/A       1%          1
b - Call Imp              Summ           60%        N/A       1%          2
c - Call Canine Familiar  Summ           60%        N/A       1%          3
d - Summon Guardian Gole  Hex/Summ       39%        N/A       1%          3
e - Summon Lightning Spi  Summ/Air       39%        N/A       5%          4
f - Foxfire               Conj/Fire      100%       2x1d9     1%          1
g - Conjure Flame         Conj/Fire      56%        6-21      1%          3
h - Flame Wave            Conj/Fire      56%        2d11      1%          4

Your spell library contained the following spells:

 Spells                   Type           Power      Damage    Failure   Level
 Ignite Poison            Fire/Tmut/Pois 28%        N/A       1%          3
 Inner Flame              Hex/Fire       34%        N/A       1%          3
 Apportation              Tloc           28%        N/A       4%          1
 Corpse Rot               Necr/Air       28%        N/A       6%          2
 Malign Gateway           Summ/Tloc      19%        N/A       99%         7
 Summon Horrible Things   Summ           30%        N/A       99%         8
 Chain Lightning          Conj/Air       19%        3d26      100%        9
 Fire Storm               Conj/Fire      28%        8d7       100%        9


Dungeon Overview and Level Annotations

Branches:
Dungeon (9/15)             Temple (1/1) D:6            Lair (0/6) D:8
  Sewer (visited)         Ossuary (visited)
    Orc: D:9-12

Altars:
Ashenzari
Cheibriados
Dithmenos
Elyvilon
Fedhas
Hepliaklqana
Kikubaaqudgha
Makhleb
Nemelex Xobeh
Okawaru
Qazlal
Ru
Sif Muna
Trog
Uskayaw
Vehumet
Yredelemnul
Zin
The Shining One

Shops:
D:5 (


Message History

The meliai misses your warg.
The meliai hits your guardian golem but does no damage.
The meliai barely misses your warg.
A centaur zombie comes into view.
The meliai closely misses your warg.
The meliai hits your guardian golem but does no damage.
Flame seeps out of your guardian golem.
The meliai stings your warg but does no damage.
Your guardian golem is engulfed in blazing flames.
Flame seeps out of your guardian golem.
Your warg barely misses the meliai.
The meliai hits your warg with a +0 hand axe!
The meliai hits your guardian golem but does no damage.
Flame seeps out of your guardian golem. The meliai stings your warg!
Flame seeps out of your guardian golem.
Unknown command.
Flame seeps out of your guardian golem. The meliai misses your warg.
The meliai hits your guardian golem but does no damage.
The meliai stings your warg!
Your guardian golem disappears in a puff of smoke!
Your guardian golem explodes!
The fiery explosion engulfs the meliai!
The meliai resists.
Your warg bites the meliai but does no damage.
A slime creature comes into view.
The meliai is engulfed in blazing flames.
The meliai mumbles some strange prayers to its god against your warg.
Your warg is smitten.
Your warg dies!
Your warg's corpse disappears in a puff of smoke!
The meliai buzzes angrily.
The meliai calls down the wrath of its god upon you.
Something smites you!
* * * LOW HITPOINT WARNING * * *
Unknown command.
Unknown command.
Casting: Call Canine Familiar (safe; 1% risk of failure)
Confirm with . or Enter, or press ? or * to list all spells.
A guardian golem appears, shielding your allies.
The meliai calls down the wrath of its god upon you.
Something smites you!
You die...

###############.#####
.........#.........#
.#.#####.#.#..####.#
#....5ยง.#.........#
#..#.#.###.#y######(.###
#......J.#.#)).........#
#.y#.###.#.#9###..######
#.......#.#.........#
#######Z#@#.####..#.#
#.......).#.........#
############################
........ ....#.##. .........
.>.....# .......#. .........


You could see a meliai (ally target) and a friendly guardian golem (summoned).

Vanquished Creatures
  A shadow (D:6)
  A centaur (D:9)
  A bullfrog (D:7)
  A scorpion (D:6)
  A hound (D:4)
  A gnoll (D:6)
  A river rat (Sewer)
  An adder (Sewer)
  A white imp (D:7)
  An ufetubus (D:6)
  A ball python (Sewer)
  A goblin (D:1)
  8 kobolds
  A quokka (D:5)
  A frilled lizard (D:1)
  7 rats (Sewer)
29 creatures vanquished.

Vanquished Creatures (collateral kills)
  Joseph (D:8)
  Sigmund (D:6)
  A wraith (D:9)
  2 water moccasins
  An acid dragon (D:8)
  An orc warrior (D:9)
  2 sky beasts (D:6)
  An ice beast (D:5)
  An ogre (D:4)
  2 black bears
  A necrophage (D:4)
  4 centaurs
  2 phantoms
  2 kobold brigands (Sewer)
  A gnoll sergeant (D:7)
  4 scorpions
  2 bullfrogs
  A water moccasin zombie (D:6)
  A water moccasin skeleton (D:7)
  A jelly (D:7)
  3 killer bees (D:9)
  4 wights (D:8)
  5 howler monkeys
  A bullfrog zombie (D:5)
  A hound (D:6)
  An orc priest (D:5)
  Crazy Yiuf (D:4)
  3 bullfrog skeletons (D:6)
  2 centaur skeletons
  2 iguanas (D:6)
  2 orc wizards (D:8)
  8 mummies (Ossuary)
  Robin (D:3)
  A howler monkey zombie (D:9)
  2 howler monkey skeletons
  11 gnolls
  8 adders
  2 worms (D:2)
  7 orcs
  3 endoplasms
  7 giant cockroaches
  A gnoll zombie (Ossuary)
  15 goblins
  11 hobgoblins
  12 jackals
  6 quokkas
  13 ball pythons
  3 bats
  4 frilled lizards
  2 hobgoblin zombies (Ossuary)
  18 kobolds
  3 kobold zombies (Ossuary)
  2 orc zombies (Ossuary)
  16 rats
213 creatures vanquished.

Vanquished Creatures (others)
  A boulder beetle (D:7)
  3 two-headed ogres (D:9)
  A cyclops (D:9)
  A kobold demonologist (D:9)
  A troll (D:9)
  A wyvern (D:9)
  A steam dragon (D:9)
  An acid dragon (D:9)
  2 water moccasins
  A hornet zombie (D:9)
  2 centaurs (D:9)
  An ogre (D:6)
  A kobold brigand (D:6)
  4 killer bees (D:9)
  6 wights
  A howler monkey zombie (D:9)
  An orc (D:5)
  3 kobolds (Sewer)
  42 foxfires
  5 plants (D:8)
79 creatures vanquished.

Grand Total: 321 creatures vanquished

Notes
Turn   | Place    | Note
-------+----------+-------------------------------------------
     0 | D:1      | Woods the Deep Elf Summoner began the quest for the Orb.
     0 | D:1      | Reached XP level 1. HP: 10/10 MP: 6/6
   759 | D:1      | Reached XP level 2. HP: 15/15 MP: 5/8
  1713 | D:1      | Found a faded altar of an unknown god.
  1856 | D:2      | Learned a level 2 spell: Call Imp
  1879 | D:2      | Reached XP level 3. HP: 19/19 MP: 5/10
  2047 | D:2      | Reached XP level 4. HP: 24/24 MP: 5/11
  2050 | D:2      | Reached skill level 4 in Spellcasting
  2103 | D:2      | Reached skill level 5 in Summonings
  3031 | D:2      | Learned a level 3 spell: Call Canine Familiar
  3035 | D:2      | Learned a level 3 spell: Summon Guardian Golem
  3086 | D:2      | Noticed a scorpion
  3117 | D:2      | Killed a scorpion
  3118 | D:2      | Reached XP level 5. HP: 28/28 MP: 7/13
  3700 | D:2      | Learned a level 4 spell: Summon Lightning Spire
  4026 | D:3      | Noticed Robin
  4377 | D:3      | Got the Volume of Flamy Weightlessness
  4408 | D:3      | Killed Robin
  4820 | D:4      | Noticed an ogre
  4833 | D:4      | Killed an ogre
  4834 | D:4      | Reached skill level 5 in Spellcasting
  4834 | D:4      | Reached XP level 6. HP: 32/32 MP: 7/15
  5020 | D:4      | Found a radiant altar of Vehumet.
  5112 | D:4      | Reached skill level 5 in Stealth
  5115 | D:4      | Reached skill level 5 in Dodging
  5240 | D:4      | Reached skill level 6 in Spellcasting
  5240 | D:4      | Reached skill level 1 in Unarmed Combat
  5240 | D:4      | Reached XP level 7. HP: 36/36 MP: 2/18
  5255 | D:4      | Found a sand-covered staircase.
  5380 | Ossuary  | Entered an ossuary
  6119 | D:4      | Reached skill level 7 in Spellcasting
  6195 | D:4      | Found an ancient bone altar of Kikubaaqudgha.
  6199 | D:4      | Found a shimmering blue altar of Sif Muna.
  6206 | D:4      | Got Sif Muna's Catalogue of Displacement
  6215 | D:4      | Became a worshipper of Vehumet
  6326 | D:4      | Found a runed translucent door.
  6327 | D:4      | Noticed Crazy Yiuf
  6498 | D:4      | Killed Crazy Yiuf
  6594 | D:5      | Entered Level 5 of the Dungeon
  6594 | D:5      | Found a glowing drain.
  6646 | Sewer    | Entered a sewer
  6671 | Sewer    | Learned a level 1 spell: Foxfire
  6675 | Sewer    | Learned a level 3 spell: Conjure Flame
  6756 | Sewer    | Reached skill level 1 in Conjurations
  7176 | Sewer    | Reached * piety under Vehumet
  7176 | Sewer    | Offered knowledge of Freeze by Vehumet.
  7279 | Sewer    | Reached skill level 8 in Spellcasting
  7728 | D:5      | Reached XP level 8. HP: 41/41 MP: 14/22
  8171 | D:5      | Found Ywnaosytt's Antique Weapon Emporium.
  8245 | D:5      | Reached skill level 1 in Fire Magic
  8620 | D:5      | Learned a level 4 spell: Flame Wave
  8775 | D:6      | Reached skill level 9 in Spellcasting
  8903 | D:6      | Found a staircase to the Ecumenical Temple.
  8908 | Temple   | Entered the Ecumenical Temple
  8918 | Temple   | Reached skill level 10 in Spellcasting
  9769 | D:6      | Offered knowledge of Magic Dart by Vehumet.
  9770 | D:6      | Reached skill level 5 in Conjurations
 10126 | D:6      | Reached ** piety under Vehumet
 10127 | D:6      | Reached XP level 9. HP: 44/45 MP: 11/25
 10198 | D:6      | Reached skill level 5 in Fire Magic
 11469 | D:6      | Noticed Sigmund
 11490 | D:6      | Killed Sigmund
 12088 | D:7      | Found a hazy altar of Hepliaklqana.
 12090 | D:7      | Found a sparkling altar of Nemelex Xobeh.
 12362 | D:7      | Noticed a boulder beetle
 12434 | D:7      | Killed a boulder beetle
 13555 | D:8      | Noticed Joseph
 13713 | D:8      | Killed Joseph
 13714 | D:8      | Reached skill level 10 in Conjurations
 13714 | D:8      | Reached XP level 10. HP: 22/50 MP: 15/26
 13871 | D:8      | Found a broken altar of Ashenzari.
 14051 | D:8      | Found a staircase to the Lair.
 14107 | D:8      | Offered knowledge of Frozen Ramparts by Vehumet.
 14962 | D:9      | Reached *** piety under Vehumet
 15105 | D:9      | Noticed a two-headed ogre
 15121 | D:9      | Killed a two-headed ogre
 15923 | D:9      | Reached skill level 10 in Summonings
 15953 | D:9      | Noticed a two-headed ogre
 15961 | D:9      | Killed a two-headed ogre
 16229 | D:9      | Noticed a two-headed ogre
 16257 | D:9      | Killed a two-headed ogre
 16258 | D:9      | Reached skill level 11 in Spellcasting
 16512 | D:9      | Reached XP level 11. HP: 52/54 MP: 21/28
 16520 | D:9      | Identified the +8 longbow of the Lettuce {speed, Fly rCorr
                  | Dex-2 Stlth+}
 16574 | D:9      | Offered knowledge of Ignite Poison by Vehumet.
 16999 | D:9      | Noticed a sun demon
 17451 | D:9      | Killed from afar by a meliai

Illustrated notes

Levels and vault maps discovered:
D:1:      lightli_arrival_statuegarden, layout_loops_corners,
          shapermc_ecumenical_altar_mp_vishouse
D:2:      minmay_chambers_of_twos, layout_rooms, grunt_ministairs_2
D:3:      layout_rooms, uniq_robin
D:4:      layout_rooms, grunt_temple_overflow_magic_moments,
          nicolae_ossuary_entry_false_entrances, nicolae_elevator_lobby_plus,
          uniq_crazy_yiuf_cottage
D:5:      layout_gridville, portal_sewer_entry_f, serial_shops,
          nicolae_square_shop
D:6:      minmay_octagon_keep, layout_loops_ring, minmay_temple_entry_mist,
          uniq_sigmund
D:7:      layout_loops_corners, nicolae_overflow_hidden_temple
D:8:      layout_loops_corners, ashenzari_altar_1, dpeg_oklobed_lair,
          enter_bailey_2, uniq_joseph
D:9:      minmay_the_grid_4x2 [minmay_the_grid_small_cups,
          minmay_the_grid_outer_circle, minmay_the_grid_holed_spiral,
          minmay_the_grid_plusring, minmay_the_grid_mess,
          minmay_the_grid_dragon_b, minmay_the_grid_broken_lines,
          minmay_the_grid_prize_trominoes], layout_cave_pools, chequers_jeans
Temple:   oiseaux_autumnal_temple

Skill      XL: |  1  2  3  4  5  6  7  8  9 10 11 |
---------------+----------------------------------+-----
Stealth        | 3 4 5 |  5.0
Dodging        | 3 4 5 |  5.0
Spellcasting   | 4 5 6 8 10 11 | 11.9
Summonings     | 5 6 10 | 10.0
Unarmed Combat | 1 |  1.0
Conjurations   | 2 5 10 | 10.0
Fire Magic     | 4 6 7 8 |  8.0

Action                   |  1- 3 |  4- 6 |  7- 9 | 10-12 || total
-------------------------+-------+-------+-------+-------++-------
Melee: Unarmed           |     8 |    31 |     8 |       ||    47
       Quarterstaff      |       |       |    20 |       ||    20
 Cast: Summon Small Mamm |    52 |    56 |    90 |    48 ||   246
       Call Imp          |     5 |    25 |    29 |    18 ||    77
       Call Canine Famil |       |    14 |    48 |    23 ||    85
       Summon Guardian G |       |     4 |    37 |    36 ||    77
       Foxfire           |       |       |    26 |       ||    26
       Flame Wave        |       |       |     1 |       ||     1
       Summon Lightning  |       |       |       |     2 ||     2
  Use: Scroll            |       |       |     3 |       ||     3
 Stab: Distracted        |       |       |     1 |       ||     1
Armor: Robe              |     7 |    23 |    56 |    15 ||   101
       Steam dragon scal |       |       |       |    23 ||    23
Dodge: Dodged            |    14 |    49 |   118 |    49 ||   230
Block: Other             |       |       |    22 |    17 ||    39
       Reflection        |       |       |     3 |     1 ||     4
